 Dungeon Crawl Stone Soup version 0.31-a0-1068-g5939ac1fb6 (webtiles) character file.

Game seed: 6573226581619296816

84829 Gumption the Convoker (level 15, -5/110 HPs)
             Began as a Barachi Summoner on Nov 23, 2023.
             Was an Initiate of Yredelemnul.
             Slain by a dire elephant simulacrum (21 damage)
             ... animated by a necromancer
             ... on level 5 of the Lair of Beasts on Nov 26, 2023.
             The game lasted 05:55:08 (24335 turns).

Gumption the Convoker (Barachi Summoner)           Turns: 24335, Time: 05:55:09

Health: -5/110     AC: 24    Str: 10    XL:     15   Next: 81%
Magic:  24/29      EV: 10    Int: 27    God:    Yredelemnul [......]
Gold:   1501       SH: 11    Dex: 14    Spells: 3/34 levels left

rFire   + . .        a - +4 demon whip (drain)
rCold   + . .        R - +1 kite shield {rC+}
rNeg    . . .        F - +2 swamp dragon scales
rPois   +            D - +2 helmet of the Game of Life {Fly rElec rCorr Int+3}
rElec   +            n - +0 cloak
rCorr   +            Z - +1 pair of gloves
SInv    .            X - +0 pair of boots
Will    +....        Y - amulet of Enymm {Regen+ Int+3}
Stlth   +            h - +4 ring of protection
HPRegen 1.18/turn    M - ring of protection from fire
MPRegen 0.21/turn

%: no passive effects
@: flying, studying 2 skills, slow
A: amphibious, slowness 1, strong legs 2, +LOS
a: Hop, Renounce Religion, Recall Undead Harvest


You were on level 5 of the Lair of Beasts.
You worshipped Yredelemnul.
Yredelemnul was aware of your devotion.
You visited 3 branches of the dungeon, and saw 17 of its levels.
You also visited: Gauntlet and Ice Cave.

You collected 2785 gold pieces.
You spent 1284 gold pieces at shops.

Inventory:

Hand Weapons
 a - a +4 demon whip of draining (weapon)
 b - a +2 longbow of flaming
Missiles
 l - 26 poisoned darts
 q - 8 curare-tipped darts
 x - 17 boomerangs
 N - 4 silver javelins (quivered)
Armour
 n - a +0 cloak (worn)
 D - the +2 helmet of the Game of Life (worn) {Fly rElec rCorr Int+3}
   (You found it in a Gauntlet)

   Int+3:     It affects your intelligence (+3).
   rElec:     It insulates you from electricity.
   Fly:       It grants you flight.
   rCorr:     It protects you from acid and corrosion.
 F - +2 swamp dragon scales (worn)
 R - a +1 kite shield of cold resistance (worn)
 X - a +0 pair of boots (worn)
 Z - a +1 pair of gloves (worn)
Magical Staves
 w - a staff of cold
Jewellery
 h - a +4 ring of protection (left hand)
 M - a ring of protection from fire (right hand)
 P - a ring of resist corrosion
 S - a ring of protection from cold
 T - a ring of magical power
 Y - the amulet of Enymm (around neck) {Regen+ Int+3}
   (You acquired it on level 4 of the Lair of Beasts)

   [amulet of regeneration]

   Int+3:     It affects your intelligence (+3).
   Regen+:    It increases your rate of health regeneration.
Wands
 u - a wand of flame (61)
 G - a wand of digging (1)
 H - a wand of mindburst (13)
 K - a wand of light (11)
 L - a wand of paralysis (7)
 Q - a wand of polymorph (3)
 V - a wand of roots (12)
Scrolls
 d - 12 scrolls of teleportation
 j - 3 scrolls of revelation
 p - a scroll of immolation
 t - 2 scrolls of vulnerability
 v - 4 scrolls of poison
 B - 2 scrolls of blinking
 E - a scroll of identify
 I - 2 scrolls of fear
 U - 4 scrolls of fog
Potions
 f - 7 potions of curing
 g - 4 potions of heal wounds
 i - 3 potions of enlightenment
 k - 5 potions of mutation
 m - 3 potions of ambrosia
 o - a potion of magic
 r - a potion of cancellation {unknown}
 s - a potion of berserk rage
 z - 2 potions of attraction
 A - 2 potions of might
 C - 6 potions of haste
 J - 2 potions of lignification
 O - 3 potions of brilliance
 W - a potion of resistance
Miscellaneous
 y - a box of beasts


   Skills:
 - Level 8.0 Fighting
 - Level 12.0 Maces & Flails
 - Level 9.4 Armour
 - Level 5.0 Dodging
 - Level 2.0 Stealth
 * Level 7.6 Shields
 - Level 10.0 Spellcasting
 - Level 7.0 Hexes
 + Level 16.8 Summonings
 + Level 10.1 Air Magic
 + Level 8.5 Invocations


You had 3 spell levels left.
You knew the following spells:

 Your Spells              Type           Power      Damage    Failure   Level
a - Summon Small Mammal   Summ           100%       N/A       1%          1
b - Call Imp              Summ           100%       N/A       1%          2
c - Call Canine Familiar  Summ           81%        N/A       1%          3
d - Summon Lightning Spi  Summ/Air       72%        N/A       1%          4
e - Summon Mana Viper     Hex/Summ       67%        N/A       6%          5
f - Confusing Touch       Hex            50%        N/A       5%          3
g - Summon Cactus Giant   Summ           40%        N/A       4%          6
h - Summon Guardian Gole  Hex/Summ       67%        N/A       1%          3
i - Airstrike             Air            31%        2d(5-21)  4%          4

Your spell library contained the following spells:

 Spells                   Type           Power      Damage    Failure   Level
 Static Discharge         Conj/Air       80%        3-7/arc   6%          2
 Cigotuvi's Dreadful Rot  Necr/Pois/Air  62%        N/A       12%         2
 Mephitic Cloud           Conj/Pois/Air  31%        N/A       24%         3
 Kiss of Death            Conj/Necr      52%        2d9       30%         1
 Magic Dart               Conj           52%        1d5       30%         1
 Necrotise                Necr           52%        1d6       30%         1
 Sandblast                Erth           26%        2d8       30%         1
 Passwall                 Tmut/Erth      10%        N/A       43%         2
 Sublimation of Blood     Necr           13%        N/A       43%         2
 Stone Arrow              Conj/Erth      26%        3d8       67%         3
 Vampiric Draining        Necr           13%        2d6       67%         3
 Animate Armour           Summ/Erth      100%       N/A       10%         4
 Summon Ice Beast         Ice/Summ       56%        N/A       10%         4
 Summon Forest            Summ/Tloc      28%        N/A       26%         5
 Monstrous Menagerie      Summ           40%        N/A       26%         7
 Vhi's Electric Charge    Tloc/Air       80%        N/A       36%         4
 Arcjolt                  Conj/Air       20%        1d30      73%         5
 Brom's Barrelling Bould  Conj/Erth      13%        2d4       97%         4
 Dispel Undead            Necr           13%        3d9       97%         4
 Petrify                  Tmut/Erth      13%        N/A       97%         4
 Agony                    Necr           13%        N/A       100%        5
 Alistair's Intoxication  Tmut/Pois      8%         N/A       100%        5
 Borgnjor's Vile Clutch   Necr/Erth      6%         N/A       100%        5
 Irradiate                Conj/Tmut      6%         3d13      100%        5
 Lee's Rapid Deconstruct  Erth           6%         3d6*      100%        5
 Lehudib's Crystal Spear  Conj/Erth      6%         10d3      100%        8
 Maxwell's Capacitive Co  Air            31%        ∞         100%        8
 Chain Lightning          Conj/Air       20%        3d26      100%        9
 Fire Storm               Conj/Fire      6%         8d2       100%        9
 Shatter                  Erth           6%         3d9*      100%        9
 Animate Dead             Necr           Unusable   N/A       N/A         4
 Death Channel            Necr           Unusable   N/A       N/A         6

Dungeon Overview and Level Annotations

Branches:
Dungeon (11/15)            Temple (1/1) D:7            Lair (5/5) D:10
  Swamp (0/4) Lair:2       Spider (0/4) Lair:2        Slime (0/5) Lair:4
  IceCv (visited)         Gauntlet (visited)
    Orc: D:9-12

Altars:
Ashenzari
Cheibriados
Dithmenos
Elyvilon
Fedhas
Gozag
Hepliaklqana
Kikubaaqudgha
Makhleb
Nemelex Xobeh
Okawaru
Qazlal
Ru
Sif Muna
Trog
Uskayaw
Vehumet
Wu Jian
Xom
Yredelemnul
Zin
The Shining One
Jiyva
Lugonu

Shops:
D:1 !   D:2 (

Annotations:
D:3 exclusion: gnoll
D:5 exclusion: 2 downstairs
Lair:5 exclusion: obsidian statue


Innate Abilities, Weirdness & Mutations

You are amphibious.
You cover ground slowly.
You can hop long distances.
You have an extended range of vision and can be seen from far away.


Message History

The dire elephant trunk-slaps you but does no damage.
The dire elephant simulacrum tramples you!!
* * * LOW HITPOINT WARNING * * *
You hold your ground!
The dire elephant simulacrum trunk-slaps you but does no damage.
You hit the dire elephant simulacrum but do no damage.
The dire elephant simulacrum is severely damaged.
Your cactus giant hits the dire elephant simulacrum with a +0 giant spiked club!
The dire elephant barely misses you. You block the dire elephant's attack.
You hit the dire elephant simulacrum but do no damage.
The dire elephant simulacrum is almost destroyed.
The dire elephant simulacrum tramples you.
* * * LOW HITPOINT WARNING * * *
You hold your ground!
The dire elephant simulacrum trunk-slaps you.
* * * LOW HITPOINT WARNING * * *
The dire elephant simulacrum freezes you!
You resist.
* * * LOW HITPOINT WARNING * * *
You hit the dire elephant simulacrum.
The dire elephant simulacrum is almost destroyed.
The dire elephant tramples you but does no damage.
The dire elephant closely misses you.
You hit the dire elephant simulacrum but do no damage.
The dire elephant simulacrum is almost destroyed.
The dire elephant simulacrum barely misses you.
The dire elephant simulacrum misses you.
The dire elephant closely misses you.
The dire elephant trunk-slaps you but does no damage.
You hit the dire elephant simulacrum but do no damage.
The dire elephant simulacrum is almost destroyed.
The dire elephant simulacrum tramples you.
* * * LOW HITPOINT WARNING * * *
You hold your ground!
The dire elephant simulacrum trunk-slaps you!
* * * LOW HITPOINT WARNING * * *
The dire elephant simulacrum freezes you!!
You resist.
You die...
Your body rises from the dead as a mindless zombie.

........♣#P).#####P..##
........♣#PP.'.P8#....#
.........######..'....#
.........♣# #P...'...##
..........♣ #.#####.P#
..........♣##.#P.'..##
..........♣#..#..'..#
##...Z...P##.##CZ#.##
##.......###Z#..@###
#.......♣#...#8Y8#
#P......##.####'##
.P......#..# ..#
.+......#.## ≈~..
#.......#.# ~≈≈~~#
#.......#.#.~≈≈≈~#
#P......#.##.≈≈~##
#.......#.####''##


You could see a dire elephant (drained), a dire elephant simulacrum (ally
target) and a friendly cactus giant (summoned).

Vanquished Creatures
  Nessos (Lair:3)
  An eleionoma (Lair:2)
  2 dire elephants (Lair:5)
  An ironbound frostheart (IceCv)
  3 catoblepae
  A skyshark (Lair:3)
  A necromancer (Lair:5)
  An elephant (Lair:5)
  A black mamba (Lair:5)
  2 torpor snails
  An ice statue (IceCv)
  2 cane toads
  Jeremiah (D:6)
  A komodo dragon (Lair:1)
  2 rime drakes (Lair:5)
  3 trolls
  A polar bear (Lair:3)
  3 blink frogs
  A spectral elephant (Lair:5)
  A wyvern (D:9)
  A dire elephant simulacrum (Lair:5)
  A fire bat (Lair:2)
  7 yaks
  A death yak simulacrum (Lair:5)
  6 water moccasins
  A sky beast (D:7)
  4 wolves
  3 centaurs
  3 kobold brigands
  3 bullfrogs
  4 scorpions
  2 killer bees (D:10)
  2 hounds
  3 gnoll boudas
  An iguana (D:6)
  A hell rat (Lair:4)
  An orc wizard (D:6)
  3 adders
  4 gnolls
  An ufetubus (D:5)
  8 orcs
  A ball python (D:4)
  A giant cockroach (D:3)
  2 goblins (D:4)
  A hobgoblin (D:4)
  2 kobolds (D:10)
  A quokka (D:5)
  A bat (D:1)
99 creatures vanquished.

Vanquished Creatures (collateral kills)
  Gastronok (Lair:3)
  A minotaur (Gauntlet)
  A fire dragon (Lair:2)
  4 hydras
  A boulder beetle (Lair:4)
  An ironbound frostheart (IceCv)
  15 death yaks
  A two-headed ogre (D:9)
  A spectral dire elephant (Lair:5)
  Nergalle (Lair:2)
  Sonja (Lair:2)
  A sixfirhy (Gauntlet)
  Amaemon (D:8)
  A spectral anaconda (Lair:5)
  2 necromancers (Lair:5)
  A wolf spider (Gauntlet)
  2 manticores (D:11)
  A moth of wrath (Gauntlet)
  2 cyclopes (D:11)
  14 elephants (Lair:5)
  3 black mambas
  2 dire elephant zombies (Lair:5)
  17 cane toads
  A dire elephant skeleton (Lair:5)
  Maggie (D:8)
  A torpor snail (Lair:3)
  2 kobold demonologists (D:10)
  An orange demon (D:8)
  4 komodo dragons
  3 rime drakes
  2 ice devils (Lair:4)
  10 polar bears
  A hornet (Lair:2)
  3 nameless horrors
  7 blink frogs
  7 dream sheep (Lair:3)
  A spectral elephant (Lair:5)
  A jumping spider (Lair:2)
  2 culicivoras (Lair:2)
  A wraith (D:9)
  A fire bat (Lair:2)
  3 basilisks
  A fire elemental (Lair:2)
  6 wyverns
  52 yaks
  5 redbacks
  A vampire mosquito (D:10)
  An acid dragon (D:11)
  9 water moccasins
  6 orc warriors
  3 sky beasts (D:7)
  5 black bears
  An ice beast (D:7)
  3 centaurs
  30 wolves
  An elephant skeleton (Lair:5)
  A phantom (D:7)
  A kobold brigand (D:10)
  2 scorpions
  12 bullfrogs
  A cane toad simulacrum (Lair:5)
  8 wights
  A water moccasin zombie (Lair:3)
  2 killer bees (D:10)
  2 elephant simulacra (Lair:5)
  2 howler monkeys
  A lava snake (Lair:2)
  4 hounds
  8 orc priests
  2 gnoll boudas
  A sleepcap (D:5)
  18 orc wizards
  4 iguanas
  8 hell rats
  14 gnolls
  3 adders
  3 shadow imps
  A white imp (D:7)
  3 ufetubi
  3 worms
  3 dart slugs
  44 orcs
  4 bats
  A bat zombie (D:2)
  5 endoplasms
  2 giant cockroaches
  5 goblins
  6 hobgoblins
  A quokka (D:2)
  6 ball pythons
  A ball python zombie (D:2)
  2 frilled lizards
  A gnoll zombie (D:6)
  10 kobolds
  3 orc zombies
  A quokka skeleton (D:2)
  5 rats
  2 butterflies (Lair:4)
458 creatures vanquished.

Vanquished Creatures (others)
  Fannar (Lair:1)
  Erica (Lair:1)
  A spectral sixfirhy (Gauntlet)
  A wolf spider zombie (Gauntlet)
  7 death yak zombies
  4 hydra zombies
  A moth of wrath zombie (Gauntlet)
  2 human zombies (IceCv)
  A black mamba zombie (Lair:3)
  A fire bat zombie (Lair:2)
  An elf zombie (Lair:1)
  4 cane toad zombies
  A manticore zombie (D:11)
  3 dream sheep zombies (Lair:3)
  2 blink frog zombies (Lair:2)
  7 elephant zombies (Lair:5)
  A wolf (IceCv)
  A torpor snail zombie (Lair:5)
  2 rime drake zombies (Lair:5)
  2 komodo dragon zombies (Lair:5)
  6 water moccasin zombies
  2 wyvern zombies (Lair:5)
  21 yak zombies
  7 polar bear zombies
  16 wolf zombies
  3 bullfrog zombies
  2 centaur zombies (D:9)
  2 black bear zombies
  4 kobold zombies
  A scorpion zombie (D:7)
  2 killer bee zombies (D:10)
  A hound zombie (D:6)
  An adder zombie (D:6)
  2 gnoll zombies (D:7)
  17 orc zombies
  A spectral ufetubus (Gauntlet)
132 creatures vanquished.

Grand Total: 689 creatures vanquished

Notes
Turn   | Place    | Note
-------+----------+-------------------------------------------
     0 | D:1      | Gumption the Barachi Summoner began the quest for the Orb.
     0 | D:1      | Reached XP level 1. HP: 13/13 MP: 3/3
     9 | D:1      | Noticed an anaconda
    19 | D:1      | Noticed a black mamba
    97 | D:1      | Reached skill level 5 in Summonings
   105 | D:1      | Reached XP level 2. HP: 19/19 MP: 1/5
   109 | D:1      | Learned a level 2 spell: Call Imp
   307 | D:1      | Found Lunime's Distillery.
   556 | D:1      | Reached XP level 3. HP: 24/24 MP: 1/6
   809 | D:1      | Learned a level 3 spell: Call Canine Familiar
  1117 | D:2      | Found Bumamubi's Weapon Shoppe.
  1413 | D:2      | Bought 6 curare-tipped darts for 72 gold pieces
  1743 | D:3      | Found a bloodstained altar of Trog.
  1771 | D:3      | Reached XP level 4. HP: 30/30 MP: 4/8
  2340 | D:3      | Found a stormy altar of Qazlal.
  2604 | D:3      | Reached skill level 6 in Summonings
  2727 | D:3      | Reached XP level 5. HP: 35/35 MP: 4/9
  2732 | D:3      | Learned a level 4 spell: Summon Lightning Spire
  3094 | D:4      | Reached skill level 1 in Air Magic
  3241 | D:4      | Reached XP level 6. HP: 41/41 MP: 4/11
  3257 | D:4      | Reached skill level 7 in Summonings
  3737 | D:4      | Reached XP level 7. HP: 25/46 MP: 7/13
  4490 | D:4      | Found a shadowy altar of Dithmenos.
  4720 | D:5      | Entered Level 5 of the Dungeon
  4721 | D:5      | Identified 2 scrolls of acquirement
  4721 | D:5      | Acquired a book of the Wilderness
  4729 | D:5      | Learned a level 5 spell: Summon Mana Viper
  4729 | D:5      | Acquired the +3 scale mail "Heolev" {rF+ Str+4 Int+2}
  4935 | D:5      | Reached skill level 1 in Fighting
  5113 | D:5      | Reached skill level 5 in Dodging
  5355 | D:5      | Reached skill level 1 in Armour
  5594 | D:1      | Bought a potion of degeneration for 12 gold pieces
  5690 | D:6      | Reached XP level 8. HP: 55/55 MP: 10/15
  5771 | D:6      | Noticed Jeremiah
  5795 | D:6      | Reached skill level 5 in Spellcasting
  6300 | D:7      | Reached skill level 8 in Summonings
  6451 | D:7      | Found a staircase to the Ecumenical Temple.
  6464 | Temple   | Entered the Ecumenical Temple
  6526 | Temple   | Became a worshipper of Yredelemnul the Dark
  6848 | D:7      | Reached * piety under Yredelemnul
  6919 | D:7      | Reached skill level 9 in Summonings
  7021 | D:7      | Reached XP level 9. HP: 65/65 MP: 14/17
  7104 | D:7      | Reached skill level 1 in Hexes
  7111 | D:7      | Reached skill level 1 in Invocations
  7445 | D:7      | Learned a level 3 spell: Confusing Touch
  7894 | D:1      | Bought a potion of haste for 120 gold pieces
  7894 | D:1      | Bought a potion of curing for 36 gold pieces
  7894 | D:1      | Bought a potion of curing for 36 gold pieces
  7894 | D:1      | Bought a potion of curing for 36 gold pieces
  8036 | D:6      | Reached skill level 10 in Summonings
  8350 | D:8      | Found a hazy altar of Hepliaklqana.
  8367 | D:7      | Reached skill level 5 in Fighting
  8692 | D:7      | Noticed a nameless horror
  8696 | D:7      | Killed a nameless horror
  8703 | D:7      | Reached skill level 5 in Armour
  8808 | D:8      | Reached XP level 10. HP: 48/74 MP: 14/19
  8870 | D:8      | Noticed Maggie
  8886 | D:8      | Killed Maggie
  9068 | D:8      | Noticed Amaemon
  9068 | D:8      | Noticed an orange demon
  9092 | D:8      | Killed an orange demon
  9095 | D:8      | Killed Amaemon
  9409 | D:8      | Reached skill level 11 in Summonings
  9539 | D:8      | Found an ancient bone altar of Kikubaaqudgha.
  9543 | D:8      | Found a shimmering blue altar of Sif Muna.
  9547 | D:8      | Found a radiant altar of Vehumet.
  9552 | D:8      | Got Vehumet's Vellum of Blasts
  9912 | D:9      | Noticed a two-headed ogre
  9936 | D:9      | Killed a two-headed ogre
 10416 | D:9      | Found a snail-covered altar of Cheibriados.
 10416 | D:9      | Found a faded altar of an unknown god.
 10423 | D:9      | Found an opulent altar of Gozag.
 10425 | D:9      | Found an iron altar of Okawaru.
 10426 | D:9      | Found a blossoming altar of Fedhas.
 10524 | D:9      | Found a shimmering altar of Xom.
 10936 | D:10     | Entered Level 10 of the Dungeon
 10947 | D:10     | Reached XP level 11. HP: 83/83 MP: 17/21
 10965 | D:9      | Reached skill level 5 in Hexes
 11167 | D:10     | Found a staircase to the Lair.
 11183 | D:10     | Noticed a sixfirhy
 11467 | D:9      | Reached skill level 12 in Summonings
 11653 | D:10     | Reached ** piety under Yredelemnul
 11834 | D:10     | Learned a level 6 spell: Summon Cactus Giant
 11865 | D:10     | Reached *** piety under Yredelemnul
 11870 | D:10     | Reached **** piety under Yredelemnul
 11968 | D:10     | Found a hide-covered altar of Uskayaw.
 12113 | D:10     | Reached ***** piety under Yredelemnul
 12228 | D:11     | Noticed a manticore
 12236 | D:11     | Reached skill level 1 in Maces & Flails
 12295 | D:11     | Acquired 1228 gold pieces
 12495 | D:6      | Killed Jeremiah
 13266 | D:1      | Bought a potion of haste for 120 gold pieces
 13266 | D:1      | Bought 2 potions of ambrosia for 192 gold pieces
 13266 | D:1      | Bought a potion of berserk rage for 60 gold pieces
 13266 | D:1      | Bought a potion of experience for 600 gold pieces
 13266 | D:1      | Reached XP level 12. HP: 92/92 MP: 23/23
 13512 | D:11     | Reached skill level 13 in Summonings
 14197 | D:11     | Found a sparkling altar of Nemelex Xobeh.
 14199 | D:11     | Found a snail-covered altar of Cheibriados.
 14199 | D:11     | Found a shimmering blue altar of Sif Muna.
 14200 | D:11     | Found a glowing silver altar of Zin.
 14200 | D:11     | Found a shimmering altar of Xom.
 14200 | D:11     | Found a hide-covered altar of Uskayaw.
 14309 | D:10     | Learned a level 3 spell: Summon Guardian Golem
 14310 | Lair:1   | Entered Level 1 of the Lair of Beasts
 14445 | Lair:1   | Found a gate leading to a gauntlet.
 14455 | Gauntlet | Entered a Gauntlet
 14455 | Gauntlet | Found a transporter.
 14459 | Gauntlet | Found a transporter.
 14464 | Gauntlet | Found a transporter.
 14468 | Gauntlet | Found a runed translucent door.
 14468 | Gauntlet | Found a runed translucent door.
 14481 | Gauntlet | Found a transporter.
 14484 | Gauntlet | Found a transporter.
 14486 | Gauntlet | Noticed a blizzard demon
 14495 | Gauntlet | Found a transporter.
 14512 | Gauntlet | Found a transporter.
 14522 | Gauntlet | Found a transporter.
 14534 | Gauntlet | Found a transporter.
 14536 | Gauntlet | Noticed a dire elephant
 14554 | Gauntlet | Found a transporter.
 14566 | Gauntlet | Found a runed translucent door.
 14568 | Gauntlet | Found a runed translucent door.
 14568 | Gauntlet | Found a transporter.
 14568 | Gauntlet | Found a transporter.
 14613 | Gauntlet | Found a transporter.
 14625 | Gauntlet | Found a transporter.
 15562 | Gauntlet | Gained mutation: You can hop long distances. [Barachi
                  | growth]
 15562 | Gauntlet | Reached XP level 13. HP: 31/98 MP: 21/25
 15580 | Gauntlet | Identified the +2 helmet of the Game of Life {Fly rElec
                  | rCorr Int+3}
 15733 | Gauntlet | Identified the +10 chain mail of the Doldrums {+Blink rElec
                  | Will+ Str+2}
 15733 | Gauntlet | Noticed a minotaur
 15761 | Gauntlet | Killed a minotaur
 15787 | Gauntlet | Identified the +4 ring mail of the Fuzzy Eagle {rElec Will+
                  | Str+4}
 15787 | Gauntlet | Identified the +7 war axe "Atzoizut" {freeze, Dex+2}
 16098 | Lair:1   | Noticed Fannar
 16136 | Lair:1   | Killed Fannar
 16456 | Lair:1   | Reached skill level 14 in Summonings
 16539 | Lair:1   | Noticed Erica
 16549 | Lair:1   | Your ally Fannar died
 16558 | Lair:1   | Killed Erica
 16848 | Lair:1   | Identified the +7 hand axe of Dishonour {antimagic, *Noise
                  | rElec Str+5}
 17025 | Lair:1   | Reached skill level 10 in Maces & Flails
 17404 | Lair:2   | Reached skill level 5 in Air Magic
 17461 | Lair:2   | Noticed Sonja
 17485 | Lair:2   | Killed Sonja
 17750 | Lair:2   | Your ally Sonja died
 17866 | Lair:2   | Noticed Nergalle
 17881 | Lair:2   | Killed Nergalle
 17911 | Lair:2   | Noticed a fire dragon
 17919 | Lair:2   | Killed a fire dragon
 17934 | Lair:2   | Found the -2 hat of the Alchemist {rElec rPois rF+ rC+ rN+
                  | Will+ rMut rCorr}
 17969 | Lair:2   | Identified the staff of Precise Incision {rPois Int-2 Dex+5
                  | Poison}
 17970 | Lair:2   | Identified the +3 arbalest "Jyodd" {speed, rElec rC+ Str-4
                  | Dex+3}
 18098 | Lair:2   | Found a staircase to the Swamp.
 18098 | Lair:2   | Noticed an eleionoma
 18108 | Lair:2   | Killed an eleionoma
 18197 | Lair:2   | Found a hole to the Spider Nest.
 18577 | Lair:3   | Noticed Gastronok
 18588 | Lair:3   | Killed Gastronok
 18589 | Lair:3   | Reached XP level 14. HP: 105/105 MP: 12/27
 18855 | Lair:3   | Learned a level 4 spell: Airstrike
 19086 | Lair:3   | Reached skill level 15 in Summonings
 19090 | Lair:3   | Reached ****** piety under Yredelemnul
 19197 | Lair:3   | Found a runed translucent door.
 19214 | Lair:3   | Reached skill level 10 in Spellcasting
 19322 | Lair:3   | Noticed Nessos
 19363 | Lair:3   | Killed Nessos
 20107 | Lair:4   | Found a frozen archway.
 20115 | IceCv    | Entered an ice cave
 20440 | IceCv    | Identified the +3 halberd of World's End {heavy, Int+3}
 21234 | IceCv    | Reached skill level 1 in Shields
 21234 | IceCv    | Reached skill level 16 in Summonings
 21741 | IceCv    | Identified the +3 hat of Sif Muna's Reproof {rC++ Int-4}
 22074 | Lair:4   | Reached XP level 15. HP: 110/110 MP: 16/29
 22291 | Lair:4   | Acquired the amulet of Enymm {Regen+ Int+3}
 22426 | Lair:4   | Found a staircase to the Slime Pits.
 22426 | Lair:4   | Found a viscous altar of Jiyva.
 22818 | Lair:5   | Entered Level 5 of the Lair of Beasts
 23045 | Lair:5   | Reached skill level 5 in Shields
 23790 | Lair:5   | Got the Incunable of the Petrous Snake
 24016 | Lair:5   | Reached skill level 10 in Air Magic
 24335 | Lair:5   | Slain by a dire elephant simulacrum

Illustrated notes

Levels and vault maps discovered:
D:1:      sevenhm_arrival_forest_fort_small_2, layout_basic, serial_shops, shop
D:2:      layout_rooms, serial_shops, shop, serial_undead, serial_undead_e,
          serial_undead_a, serial_undead_e, serial_undead_c, serial_undead_e
D:3:      layout_loops_ring, marbit_many_paths, grunt_qazlal_clouds
D:4:      layout_loops_cross, nicolae_dithmenos_the_darkroom,
          kennysheep_generic_room_7
D:5:      layout_cave_pools, item_on_display_a
D:6:      kennysheep_six_static_rooms, layout_cave_pools, st_stairs_2,
          corexii_checkpoint, uniq_jeremiah
D:7:      minmay_bubble_buster, layout_basic,
          minmay_temple_entry_statues_fountains,
          minmay_a_box_with_orc_wizards_in_it
D:8:      layout_basic, grunt_temple_overflow_magic_moments,
          nicolae_hepliaklqana_hazy_memory, uniq_amaemon, uniq_maggie
D:9:      layout_basic, chequers_temple_overflow_minitemple, old_standard_altar,
          kb_lookout_dungeons_type
D:10:     layout_roguey, nicolae_uskayaw_murder_on_the_dancefloor,
          minmay_lair_entry_grove
D:11:     layout_gridville, ldierk_geyser, hangedman_abyss_or_decor_clamps,
          doesnt_xom_only_xom
Temple:   corrupted_temple
Lair:1:   layout_layer_cave, gauntlet_entry_generic, uniq_erica, uniq_fannar
Lair:2:   dragon1_lemuel, layout_small_grid,
          alex1729_swamp_entry_worm_eleionoma, spider_nest_entry_funnel_web,
          uniq_sonja, uniq_nergalle
Lair:3:   layout_gridlike, pf_torpor_hydra, serial_bayou_shore_a,
          grunt_megastairs_2, uniq_gastronok, uniq_nessos
Lair:4:   layout_cellular_growth, slime_entry_1, portal_ice_cave_demonic_guard,
          serial_bayou_shore_b, grunt_megastairs_5, lemuel_fruit_fields
Lair:5:   due_jungle_book, layout_regular_city

Skill      XL: |  1  2  3  4  5  6  7  8  9 10 11 12 13 14 15 |
---------------+----------------------------------------------+-----
Summonings     | 5 6 7 9 10 11 12 13 14 16 | 16.8
Dodging        | 3 4 5 |  5.0
Spellcasting   | 3 4 5 6 7 8 9 10 | 10.0
Air Magic      | 1 2 3 4 6 8 10 | 10.1
Fighting       | 1 3 5 6 7 8 |  8.0
Armour         | 1 3 5 6 7 9 |  9.4
Hexes          | 3 4 5 6 7 |  7.0
Invocations    | 2 4 6 7 8 |  8.5
Maces & Flails | 7 8 11 12 | 12.0
Stealth        | 2 |  2.0
Shields        | 2 7 |  7.6

Action                     |  1- 3 |  4- 6 |  7- 9 | 10-12 | 13-15 || total
---------------------------+-------+-------+-------+-------+-------++-------
  Melee: Dagger            |     8 |       |   119 |    10 |       ||   137
         Whip              |     2 |    17 |       |       |       ||    19
         Short sword       |       |     4 |     4 |       |       ||     8
         Punch             |       |     2 |       |       |     2 ||     4
         Demon whip        |       |       |       |   132 |   325 ||   457
         Staff             |       |       |       |       |    41 ||    41
   Fire: Longbow           |       |       |       |       |     2 ||     2
  Throw: Stone             |     1 |       |       |       |       ||     1
         Dart              |       |     4 |     1 |    13 |     7 ||    25
         Boomerang         |       |       |     4 |       |    16 ||    20
         Javelin           |       |       |       |       |    12 ||    12
   Cast: Summon Small Mamm |    38 |    13 |     3 |       |       ||    54
         Call Imp          |    16 |    19 |    37 |     8 |       ||    80
         Call Canine Famil |       |    17 |    54 |    47 |    32 ||   150
         Summon Lightning  |       |       |    10 |    31 |    73 ||   114
         Summon Cactus Gia |       |       |       |     5 |    63 ||    68
         Summon Mana Viper |       |       |       |     2 |    21 ||    23
         Summon Guardian G |       |       |       |       |     3 ||     3
         Airstrike         |       |       |       |       |    20 ||    20
 Invoke: Recall Undead Har |       |       |     1 |     2 |     4 ||     7
         Dark Bargain      |       |       |       |     1 |     4 ||     5
Ability: Hop               |     1 |     2 |     5 |     5 |     5 ||    18
  Evoke: Wand              |       |       |       |     2 |     7 ||     9
    Use: Scroll            |     3 |     3 |     9 |    10 |     9 ||    34
         Potion            |       |     2 |       |     3 |     2 ||     7
   Stab: Distracted        |       |       |     2 |     6 |     9 ||    17
         Sleeping          |       |       |       |       |     1 ||     1
 Armour: Robe              |    10 |       |       |       |       ||    10
         Leather armour    |     1 |    29 |     1 |       |       ||    31
         Scale mail        |       |       |   177 |     3 |       ||   180
         Swamp dragon scal |       |       |       |   201 |   326 ||   527
  Dodge: Dodged            |    12 |    27 |    95 |   156 |   172 ||   462
  Block: Kite shield       |       |       |       |       |    88 ||    88
         Other             |       |       |       |       |    18 ||    18

Table legend: (Time is in decaauts)
 A = Elapsed time spent in this place.
 B = Non-inter-level travel time spent in this place.
 C = Inter-level travel time spent in this place.
 D = Time resting spent in this place.
 E = Time spent auto-exploring this place.
 F = Levels seen in this place.
 G = Mean time per level.
                   A        B        C        D        E       F      G
               +--------+--------+--------+--------+--------+-----+--------+
         Total |  27335 |  25688 |   1647 |   5346 |   5109 |  19 | 1438.7 |
       Dungeon |  16082 |  14611 |   1471 |   3074 |   2309 |  11 | 1462.0 |
        Temple |     95 |     95 |      0 |      0 |      0 |   1 |   95.0 |
          Lair |   7643 |   7467 |    176 |   1040 |   2263 |   5 | 1528.6 |
      Ice Cave |   2005 |   2005 |      0 |    689 |    351 |   1 | 2005.0 |
      Gauntlet |   1508 |   1508 |      0 |    543 |    184 |   1 | 1508.0 |
               +--------+--------+--------+--------+--------+-----+--------+

Top non-repeatable levels by time:
     D:7: 2440 daAuts
     D:9: 2113 daAuts
     D:4: 2018 daAuts
   IceCv: 2005 daAuts
     D:3: 1985 daAuts
  Lair:1: 1868 daAuts
  Lair:5: 1609 daAuts
  Lair:2: 1588 daAuts
Gauntlet: 1508 daAuts
  Lair:3: 1486 daAuts
     D:6: 1308 daAuts
     D:5: 1211 daAuts
     D:8: 1111 daAuts
    D:11: 1091 daAuts
  Lair:4: 1090 daAuts
